 Dungeon Crawl Stone Soup version 0.28-a0-128-gcbb86046cc (webtiles) character file.

Game seed: 15225063164508454695

90 Spaninq the Skirmisher (level 4, -3/48 HPs)
             Began as an Ogre Warper on Aug 15, 2021.
             Killed from afar by an orc wizard (7 damage)
             ... with a puff of flame
             ... on level 4 of the Dungeon.
             The game lasted 00:07:51 (2800 turns).

Spaninq the Skirmisher (Ogre Warper)                Turns: 2800, Time: 00:07:51

Health: -3/48      AC:  3    Str: 16    XL:     4   Next: 56%
Magic:  6/7        EV: 10    Int: 14    God:
Gold:   173        SH:  0    Dex: 14    Spells: 5/7 levels left

rFire   . . .      SeeInvis .   a - +0 hand axe
rCold   . . .      Faith    .   (no shield)
rNeg    . . .      Spirit   .   b - +0 robe
rPois   .          Reflect  .   (helmet restricted)
rElec   .          Harm     .   i - scarf {shadows}
rCorr   .          Rampage  .   (gloves unavailable)
Will    .....                   (boots unavailable)
Stlth   +.........              (no amulet)
HPRegen 0.16/turn               l - ring of wizardry
MPRegen 0.10/turn               q - +6 ring of dexterity

@: no status effects
A: large, unfitting armour, tough skin 1
a: no special abilities


You were on level 4 of the Dungeon.
You visited 1 branch of the dungeon, and saw 4 of its levels.

You collected 173 gold pieces.

Inventory:

Hand Weapons
 a - a +0 hand axe (weapon)
Missiles
 d - 5 boomerangs of dispersal (quivered)
 s - 2 silver boomerangs
Armour
 b - a +0 robe (worn)
 i - a scarf of shadows (worn)
Jewellery
 l - a ring of wizardry (left hand)
 q - a +6 ring of dexterity (right hand)
Scrolls
 c - a scroll of blinking
 h - 2 scrolls of noise {unknown}
 j - a scroll of magic mapping {unknown}
 k - 2 scrolls of amnesia {unknown}
 m - a scroll of fog {unknown}
 n - a scroll of enchant armour {unknown}
 p - a scroll of summoning {unknown}
Potions
 e - a potion of brilliance {unknown}
 f - a potion of curing {unknown}
 g - a potion of resistance {unknown}
 o - a potion of mutation {unknown}
 r - a potion of flight {unknown}
 t - a potion of ambrosia {unknown}
 u - a potion of magic {unknown}


   Skills:
 + Level 4.1 Fighting
 * Level 4.0 Axes
 - Level 1.0 Throwing
 - Level 2.1 Dodging
 - Level 2.4 Spellcasting
 - Level 2.6 Translocations


You had 5 spell levels left.
You knew the following spells:

 Your Spells              Type           Power      Damage    Failure   Level
a - Blink                 Tloc           N/A        N/A       4%          2

Your spell library contained the following spells:

 Spells                   Type           Power      Damage    Failure   Level
 Beastly Appendage        Tmut           2%         N/A       9%          1
 Gell's Gravitas          Tloc           4%         N/A       9%          3
 Lesser Beckoning         Tloc           4%         N/A       9%          3
 Teleport Other           Tloc           9%         N/A       9%          3
 Wereblood                Tmut           1%         N/A       14%         2
 Spider Form              Tmut/Pois      0%         N/A       26%         3
 Manifold Assault         Tloc           9%         N/A       61%         5


Dungeon Overview and Level Annotations

Branches:
Dungeon (4/15)
 Temple: D:4-7

Altars:
Gozag
Nemelex Xobeh

Annotations:
D:4 Grinder


Innate Abilities, Weirdness & Mutations

You are too large for most types of armour.
You have tough skin. (AC +1)


Message History

You slash the adder!
You kill the adder!
Your Axes skill increases to level 4!
You hit something but do no damage. You barely miss something.
You hear some strange, mumbled words.
A magic dart appears from out of thin air!
The magic dart hits you!
You barely miss something. Something hits you.
You hit something. Something hits you. Something hits you but does no damage.
You hit something. Something hits you but does no damage.
You hit something but do no damage. Something hits you.
You hit something. Something hits you but does no damage.
You closely miss something. Something hits you but does no damage.
You closely miss something. Something hits you.
You miss something. Something hits you.
You barely miss something. Something completely misses you.
You miss something. Something hits you.
You hit something but do no damage.
You hear some strange, mumbled words.
A puff of flame appears from out of thin air!
The puff of flame hits you!
You miss something. Something hits you.
* * * LOW HITPOINT WARNING * * *
You hear some strange, mumbled words.
A puff of flame appears from out of thin air!
The puff of flame hits you!
* * * LOW HITPOINT WARNING * * *
You miss something. Something hits you.
* * * LOW HITPOINT WARNING * * *
Okay, then.
Casting: Blink (safe; 4% risk of failure)
Confirm with . or Enter, or press ? or * to list all spells.
You blink.
Something tries to affect you, but you resist.
An orc wizard appears from thin air!
Reactivating autopickup.
The orc wizard points at you and mumbles some strange words.
The puff of flame hits you!
You die...

##### ... .... ..#
######.###### # #.#
#.o.o@......# ###
#.##.###.####.####.
... .... #.# #.#
... #.###.# #.#
.ยง. .. #.....# #.#
... #.##.##### ###
... ....... ##.
....... 8##
.....{... ..#


You could see an orc wizard and an orc.

Vanquished Creatures
  2 adders
  A dart slug (D:3)
  3 orcs
  2 ball pythons
  4 endoplasms
  A giant cockroach (D:1)
  10 goblins
  10 hobgoblins
  3 jackals (D:1)
  3 quokkas
  6 bats
  4 frilled lizards
  2 kobolds
  9 rats
60 creatures vanquished.

Notes
Turn   | Place    | Note
-------+----------+-------------------------------------------
     0 | D:1      | Spaninq the Ogre Warper began the quest for the Orb.
     0 | D:1      | Reached XP level 1. HP: 22/22 MP: 3/3
   226 | D:1      | Reached XP level 2. HP: 31/31 MP: 5/5
   423 | D:1      | Reached XP level 3. HP: 13/37 MP: 6/6
   679 | D:1      | Found a faded altar of an unknown god.
   845 | D:1      | Learned a level 2 spell: Blink
  2116 | D:3      | Reached XP level 4. HP: 45/48 MP: 7/7
  2430 | D:3      | Found a sparkling altar of Nemelex Xobeh.
  2629 | D:3      | Found an opulent altar of Gozag.
  2734 | D:4      | Noticed Grinder
  2785 | D:4      | HP: 2/48 [something (4)]
  2800 | D:4      | Killed from afar by an orc wizard

Illustrated notes

Levels and vault maps discovered:
D:1:      lightli_arrival_statue_moat, layout_rooms,
          shapermc_ecumenical_altar_mp_vishouse, hangedman_abyss_or_decor_stabs,
          hangedman_decor_clover_reticule, grunt_decor_arrowhead,
          minmay_pentomino_w2
D:2:      layout_basic, st_stairs_5
D:3:      layout_rooms, grunt_gozag_breadcrumbs, amcnicky_altar_gilded
D:4:      layout_basic, gammafunk_temple_overflow_arena,
          minmay_temple_entry_enclosed_plants, minmay_joined_circles,
          uniq_grinder

Skill      XL: |  1  2  3  4 |
---------------+-------------+-----
Fighting       | 3 4 |  4.1
Axes           | 3 4 |  4.0
Throwing       | |  1.0
Dodging        | |  2.1
Spellcasting   | |  2.4
Translocations | |  2.6

Action                   |  1- 3 |  4- 6 || total
-------------------------+-------+-------++-------
Melee: Hand axe          |   148 |    59 ||   207
 Cast: Blink             |       |     1 ||     1
 Stab: Sleeping          |     1 |     1 ||     2
Armor: Robe              |    52 |    20 ||    72
Dodge: Dodged            |    91 |    28 ||   119

Table legend: (Time is in decaauts)
 A = Elapsed time spent in this place.
 B = Non-inter-level travel time spent in this place.
 C = Inter-level travel time spent in this place.
 D = Time resting spent in this place.
 E = Time spent auto-exploring this place.
 F = Levels seen in this place.
 G = Mean time per level.
                   A        B        C        D        E       F      G
               +--------+--------+--------+--------+--------+-----+--------+
         Total |   2828 |   2677 |    151 |    208 |   1944 |   4 |  707.0 |
       Dungeon |   2828 |   2677 |    151 |    208 |   1944 |   4 |  707.0 |
               +--------+--------+--------+--------+--------+-----+--------+

Top non-repeatable levels by time:
     D:2: 1076 daAuts
     D:1: 1016 daAuts
     D:3: 637 daAuts
     D:4: 98 daAuts
